General information
			
			
        
        - name: BNet
 
        - type: Ladder team game (AT/RT)
 
        - host: Battle.net
 
        - saver: Rezifut
 
        
map: Highperch 
        - players: 6
 
        - length: 36:17
 
        - speed: Fast
 - version: 1.22 W3XP
 - replay type:  Public
 
» download(256 KB)
Players
        team 1 (winner) 
              
              
GOKUMaN69 (
blue | 59 APM | 2130 actions | 36:13)
              
 2 Archmage 
 1 Blizzard
 1 Brilliance Aura
 4 Blood Mage 
 2 Flame Strike
 2 Siphon Mana
 
                » actions 
                
                | Assign group hotkey | 9 |  | 
| Build / train | 111 |  | 
| Enter build submenu | 84 |  | 
| Enter hero's abilities submenu | 7 |  | 
| Right click | 988 |  | 
| Select / deselect | 592 |  | 
| Use ability | 339 |  | 
                2130 total
 » units 
                
                | Peasant | 13 |  | 
| Dragonhawk Rider | 23 |  | 
                36 total
 » upgrades
                
                | Masonry | 3 |  | 
| Lumber Harvesting | 2 |  | 
| Magic Sentry | 1 |  | 
| Swords | 2 |  | 
| Armor | 2 |  | 
| Animal War Training | 1 |  | 
| Cloud | 1 |  | 
                12 total
 » buildings
                
                | Altar of Kings | 1 |  | 
| Farm | 13 |  | 
| Lumber Mill | 1 |  | 
| Scout Tower | 75 |  | 
| Guard Tower | 35 |  | 
| Keep | 1 |  | 
| Town Hall | 1 |  | 
| Arcane Sanctum | 1 |  | 
| Gryphon Aviary | 2 |  | 
| Arcane Vault | 1 |  | 
| Castle | 1 |  | 
| Blacksmith | 1 |  | 
| Barracks | 1 |  | 
| Arcane Tower | 7 |  | 
                141 total
 » build order
                00:05 Altar of Kings
00:23 Farm
00:38 Lumber Mill
01:18 Farm
01:24 Scout Tower
01:29 Scout Tower
01:51 Guard Tower
01:51 Guard Tower
01:57 Scout Tower
02:07 Guard Tower
02:07 Guard Tower
02:07 Guard Tower
02:11 Scout Tower
02:23 Guard Tower
02:25 Scout Tower
02:38 Guard Tower
02:41 Scout Tower
02:59 Guard Tower
03:10 Guard Tower
03:12 Scout Tower
03:13 Scout Tower
03:14 Scout Tower
03:40 Guard Tower
03:42 Guard Tower
03:46 Scout Tower
03:55 Scout Tower
03:56 Scout Tower
03:57 Scout Tower
04:24 Guard Tower
04:26 Scout Tower
04:27 Scout Tower
04:30 Scout Tower
04:30 Scout Tower
04:31 Scout Tower
04:33 Scout Tower
04:34 Scout Tower
04:35 Scout Tower
04:44 Scout Tower
04:45 Scout Tower
04:46 Scout Tower
04:47 Scout Tower
04:57 Guard Tower
05:15 Keep
05:16 Guard Tower
05:21 Guard Tower
05:48 Scout Tower
06:07 Guard Tower
06:08 Scout Tower
06:09 Scout Tower
06:14 Scout Tower
06:17 Guard Tower
06:18 Guard Tower
06:22 Town Hall
06:53 Scout Tower
07:00 Guard Tower
07:02 Scout Tower
07:03 Scout Tower
07:18 Farm
07:30 Scout Tower
07:52 Guard Tower
08:01 Arcane Sanctum
08:06 Guard Tower
08:10 Guard Tower
08:30 Gryphon Aviary
08:34 Gryphon Aviary
08:39 Guard Tower
08:42 Scout Tower
09:11 Guard Tower
09:41 Guard Tower
09:50 Arcane Vault
10:13 Scout Tower
10:32 Scout Tower
10:33 Scout Tower
10:34 Scout Tower
10:36 Scout Tower
10:55 Guard Tower
10:56 Scout Tower
11:09 Castle
11:25 Scout Tower
11:26 Guard Tower
11:36 Farm
11:37 Farm
11:38 Farm
11:39 Guard Tower
11:57 Scout Tower
12:49 Guard Tower
13:10 Scout Tower
13:11 Scout Tower
13:12 Scout Tower
13:21 Blacksmith
14:35 Guard Tower
14:36 Scout Tower
14:42 Barracks
16:01 Guard Tower
16:08 Farm
16:09 Farm
16:30 Farm
16:32 Farm
17:38 Scout Tower
17:46 Farm
17:48 Farm
19:25 Farm
23:08 Scout Tower
23:10 Scout Tower
23:12 Scout Tower
23:15 Scout Tower
23:16 Scout Tower
23:17 Scout Tower
23:18 Scout Tower
23:19 Scout Tower
23:19 Scout Tower
23:40 Guard Tower
23:58 Guard Tower
24:01 Scout Tower
24:02 Scout Tower
24:04 Scout Tower
24:06 Scout Tower
24:17 Guard Tower
24:50 Arcane Tower
24:52 Scout Tower
24:54 Scout Tower
24:55 Scout Tower
24:57 Scout Tower
24:58 Scout Tower
26:31 Guard Tower
27:47 Arcane Tower
27:51 Scout Tower
27:52 Scout Tower
27:53 Scout Tower
29:33 Arcane Tower
29:36 Scout Tower
29:40 Scout Tower
29:41 Scout Tower
30:16 Arcane Tower
30:19 Scout Tower
30:20 Scout Tower
30:48 Arcane Tower
30:50 Scout Tower
30:53 Scout Tower
30:54 Arcane Tower
31:36 Arcane Tower
» items
                
                | Scroll of Town Portal | 1 |  | 
| Mechanical Critter | 3 |  | 
| Ivory Tower | 4 |  | 
| Orb of Fire | 1 |  | 
                9 total
  
               
              
              
Iceberg-Slim (
yellow | 68 APM | 2481 actions | 36:13)
              
 6 Warden 
 3 Shadow Strike
 3 Blink
 
                » actions 
                
                | Assign group hotkey | 7 |  | 
| Basic commands | 39 |  | 
| Build / train | 74 |  | 
| ESC pressed | 5 |  | 
| Enter build submenu | 24 |  | 
| Enter hero's abilities submenu | 6 |  | 
| Give item / drop item | 1 |  | 
| Remove unit from queue | 2 |  | 
| Right click | 1667 |  | 
| Select / deselect | 465 |  | 
| Select group hotkey | 25 |  | 
| Use ability | 165 |  | 
                2481 total
 » units 
                
                | Wisp | 35 |  | 
| Hippogryph | 11 |  | 
| Druid of the Talon | 2 |  | 
                48 total
 » upgrades
                
                | Ultravision | 1 |  | 
| Nature's Blessing | 1 |  | 
| Strength of the Wild | 3 |  | 
| Reinforced Hides | 3 |  | 
| Druid of the Talon Training | 1 |  | 
| Well Spring | 1 |  | 
                10 total
 » buildings
                
                | Altar of Elders | 1 |  | 
| Moon Well | 13 |  | 
| Hunter's Hall | 1 |  | 
| Tree of Ages | 2 |  | 
| Ancient of Wonders | 1 |  | 
| Tree of Life | 1 |  | 
| Ancient of Wind | 4 |  | 
| Tree of Eternity | 1 |  | 
                24 total
 » build order
                00:04 Altar of Elders
00:18 Moon Well
01:23 Moon Well
04:04 Moon Well
04:18 Moon Well
04:56 Hunter's Hall
05:14 Moon Well
06:08 Tree of Ages
06:25 Ancient of Wonders
07:02 Moon Well
07:56 Tree of Life
08:35 Ancient of Wind
08:38 Ancient of Wind
11:36 Tree of Eternity
12:26 Moon Well
13:33 Moon Well
20:44 Ancient of Wind
21:47 Moon Well
21:50 Moon Well
22:53 Moon Well
30:08 Tree of Ages
33:14 Moon Well
34:36 Ancient of Wind
34:47 Moon Well
» items
                
                | Boots of Speed | 1 |  | 
| Staff of Teleportation | 1 |  | 
| Orb of Venom | 1 |  | 
| Tiny Great Hall | 1 |  | 
                4 total
  
               
              
              
Rezifut (
pink | 66 APM | 2406 actions | 36:17)
              
 6 Blademaster 
 3 Wind Walk
 2 Critical Strike
 1 Bladestorm
 
                » actions 
                
                | Assign group hotkey | 117 |  | 
| Basic commands | 14 |  | 
| Build / train | 56 |  | 
| ESC pressed | 3 |  | 
| Enter build submenu | 72 |  | 
| Enter hero's abilities submenu | 6 |  | 
| Remove unit from queue | 3 |  | 
| Right click | 1298 |  | 
| Select / deselect | 338 |  | 
| Select group hotkey | 342 |  | 
| Use ability | 157 |  | 
                2406 total
 » units 
                » upgrades
                
                | Liquid Fire | 1 |  | 
| Reinforced Defenses | 1 |  | 
| Ranged Weapons | 3 |  | 
| Armor | 1 |  | 
                6 total
 » buildings
                
                | Altar of Storms | 1 |  | 
| Orc Burrow | 4 |  | 
| War Mill | 3 |  | 
| Watch Tower | 48 |  | 
| Stronghold | 1 |  | 
| Voodoo Lounge | 2 |  | 
| Beastiary | 2 |  | 
| Fortress | 1 |  | 
                62 total
 » build order
                00:04 Altar of Storms
00:13 Orc Burrow
00:20 War Mill
01:58 Watch Tower
01:59 Watch Tower
02:47 Stronghold
03:00 Watch Tower
03:03 Watch Tower
03:29 Voodoo Lounge
03:41 Watch Tower
04:08 Watch Tower
04:09 Watch Tower
04:25 Voodoo Lounge
05:16 Watch Tower
05:20 Watch Tower
05:22 Watch Tower
05:32 Beastiary
05:33 Beastiary
05:36 Fortress
05:53 Watch Tower
06:42 Watch Tower
06:43 Watch Tower
07:14 Watch Tower
07:18 Watch Tower
07:52 Watch Tower
07:55 Watch Tower
08:28 Watch Tower
08:35 Orc Burrow
09:00 Watch Tower
09:46 Orc Burrow
09:55 Watch Tower
10:03 Watch Tower
10:47 Orc Burrow
10:59 Watch Tower
11:22 Watch Tower
12:04 Watch Tower
12:45 Watch Tower
13:20 Watch Tower
13:51 Watch Tower
15:59 Watch Tower
16:03 Watch Tower
21:00 Watch Tower
21:02 Watch Tower
21:06 Watch Tower
21:16 Watch Tower
22:06 Watch Tower
22:16 Watch Tower
22:20 Watch Tower
22:23 Watch Tower
22:35 Watch Tower
23:18 Watch Tower
23:32 Watch Tower
24:26 War Mill
24:32 War Mill
25:46 Watch Tower
25:56 Watch Tower
26:56 Watch Tower
28:22 Watch Tower
28:59 Watch Tower
30:25 Watch Tower
31:33 Watch Tower
34:15 Watch Tower
» items
                
                | Healing Salve | 1 |  | 
| Lesser Clarity Potion | 2 |  | 
| Staff of Teleportation | 1 |  | 
| Scroll of Town Portal | 1 |  | 
                5 total
  
               team 2 (loser) 
              
              
» 
NotneK.onaSmurf (
orange | 140 APM | 5040 actions | 35:58)
              
 6 Archmage 
 1 Summon Water Elemental
 2 Brilliance Aura
 3 Blizzard
 4 Mountain King 
 2 Storm Bolt
 2 Thunder Clap
 3 Paladin 
 2 Holy Light
 1 Divine Shield
 
                » actions 
                
                | Assign group hotkey | 224 |  | 
| Basic commands | 255 |  | 
| Build / train | 115 |  | 
| Enter build submenu | 33 |  | 
| Enter hero's abilities submenu | 13 |  | 
| Remove unit from queue | 12 |  | 
| Right click | 1645 |  | 
| Select / deselect | 634 |  | 
| Select group hotkey | 1887 |  | 
| Use ability | 221 |  | 
                5040 total
 » units 
                
                | Peasant | 17 |  | 
| Footman | 6 |  | 
| Gryphon Rider | -6 |  | 
| Dragonhawk Rider | 15 |  | 
                32 total
 » upgrades
                
                | Defend | 1 |  | 
| Lumber Harvesting | 2 |  | 
| Masonry | 1 |  | 
| Storm Hammers | 1 |  | 
| Swords | 3 |  | 
| Armor | 3 |  | 
| Cloud | 1 |  | 
                12 total
 » buildings
                
                | Altar of Kings | 1 |  | 
| Farm | 13 |  | 
| Barracks | 1 |  | 
| Keep | 2 |  | 
| Scout Tower | 8 |  | 
| Lumber Mill | 1 |  | 
| Arcane Tower | 4 |  | 
| Gryphon Aviary | 3 |  | 
| Arcane Vault | 1 |  | 
| Town Hall | 2 |  | 
| Castle | 2 |  | 
| Guard Tower | 6 |  | 
| Blacksmith | 1 |  | 
                45 total
 » build order
                00:07 Altar of Kings
00:09 Farm
00:36 Barracks
01:07 Farm
02:33 Farm
03:48 Keep
03:48 Keep
04:34 Scout Tower
04:37 Lumber Mill
05:01 Arcane Tower
05:02 Arcane Tower
05:19 Farm
05:20 Farm
05:23 Farm
06:14 Gryphon Aviary
06:18 Gryphon Aviary
07:04 Arcane Vault
09:04 Town Hall
09:11 Scout Tower
09:41 Arcane Tower
09:41 Arcane Tower
09:43 Castle
09:43 Castle
09:49 Scout Tower
09:52 Scout Tower
09:53 Scout Tower
10:27 Guard Tower
10:28 Guard Tower
10:54 Farm
11:14 Guard Tower
11:14 Guard Tower
11:17 Farm
11:26 Blacksmith
12:12 Gryphon Aviary
14:30 Farm
15:18 Farm
22:48 Scout Tower
22:49 Scout Tower
22:49 Scout Tower
23:12 Farm
23:18 Farm
23:40 Farm
24:13 Guard Tower
33:50 Town Hall
» items
                
                | Scroll of Regeneration | 3 |  | 
| Tome of Retraining | 1 |  | 
| Potion of Healing | 1 |  | 
| Staff of Sanctuary | 1 |  | 
| Scroll of Town Portal | 1 |  | 
| Scroll of Protection | 3 |  | 
| Scroll of Healing | 2 |  | 
                12 total
  
               
              
              
» 
PrettyPinkPony (
purple | 58 APM | 2086 actions | 36:02)
              
 3 Priestess of the Moon 
 2 Trueshot Aura
 1 Searing Arrows
 1 Pit Lord 
 1 Rain of Fire
 
                » actions 
                
                | Assign group hotkey | 28 |  | 
| Basic commands | 236 |  | 
| Build / train | 116 |  | 
| ESC pressed | 16 |  | 
| Enter build submenu | 41 |  | 
| Enter hero's abilities submenu | 4 |  | 
| Right click | 580 |  | 
| Select / deselect | 484 |  | 
| Select group hotkey | 454 |  | 
| Use ability | 127 |  | 
                2086 total
 » units 
                
                | Wisp | 45 |  | 
| Huntress | 6 |  | 
| Glaive Thrower | 15 |  | 
| Archer | 12 |  | 
| Chimaera | 7 |  | 
                85 total
 » upgrades
                
                | Vorpal Blades | 1 |  | 
| Strength of the Wild | 3 |  | 
| Improved Bows | 3 |  | 
| Marksmanship | 2 |  | 
| Well Spring | 1 |  | 
| Ultravision | 1 |  | 
| Corrosive Breath | 1 |  | 
| Reinforced Hides | 1 |  | 
                13 total
 » buildings
                
                | Altar of Elders | 1 |  | 
| Moon Well | 7 |  | 
| Hunter's Hall | 1 |  | 
| Ancient of War | 2 |  | 
| Tree of Life | 4 |  | 
| Tree of Ages | 1 |  | 
| Tree of Eternity | 1 |  | 
| Ancient of Wind | 1 |  | 
| Ancient Protector | 15 |  | 
| Chimaera Roost | 3 |  | 
                36 total
 » build order
                00:12 Altar of Elders
00:22 Moon Well
01:42 Hunter's Hall
01:55 Ancient of War
02:12 Ancient of War
02:26 Moon Well
02:52 Moon Well
05:30 Tree of Life
05:55 Moon Well
08:06 Tree of Ages
11:28 Tree of Eternity
12:31 Moon Well
13:21 Ancient of Wind
13:35 Moon Well
14:03 Moon Well
14:17 Ancient Protector
14:20 Ancient Protector
15:07 Ancient Protector
15:48 Ancient Protector
15:50 Ancient Protector
15:54 Ancient Protector
15:57 Ancient Protector
15:58 Ancient Protector
16:05 Ancient Protector
16:23 Ancient Protector
16:24 Ancient Protector
16:26 Ancient Protector
16:29 Ancient Protector
17:12 Ancient Protector
17:30 Ancient Protector
19:18 Tree of Life
20:09 Chimaera Roost
20:10 Chimaera Roost
20:29 Chimaera Roost
20:50 Tree of Life
27:34 Tree of Life
» items
                 
               
              
              
TeK-9_Snitches (
red | 54 APM | 1946 actions | 36:12)
              
 5 Death Knight 
 3 Death Coil
 2 Unholy Aura
 4 Lich 
 2 Frost Nova
 2 Frost Armor
 3 Crypt Lord 
 2 Impale
 1 Spiked Carapace
 
                » actions 
                
                | Basic commands | 6 |  | 
| Build / train | 65 |  | 
| Enter build submenu | 20 |  | 
| Enter hero's abilities submenu | 12 |  | 
| Give item / drop item | 1 |  | 
| Remove unit from queue | 1 |  | 
| Right click | 1080 |  | 
| Select / deselect | 653 |  | 
| Use ability | 108 |  | 
                1946 total
 » units 
                
                | Acolyte | 2 |  | 
| Ghoul | 3 |  | 
| Crypt Fiend | 12 |  | 
| Frost Wyrm | 10 |  | 
| Gargoyle | 3 |  | 
                30 total
 » upgrades
                
                | Creature Attack | 2 |  | 
| Web | 1 |  | 
| Burrow | 1 |  | 
| Creature Carapace | 1 |  | 
| Freezing Breath | 1 |  | 
                6 total
 » buildings
                
                | Graveyard | 1 |  | 
| Crypt | 1 |  | 
| Altar of Darkness | 1 |  | 
| Ziggurat | 10 |  | 
| Tomb of Relics | 1 |  | 
| Halls of the Dead | 1 |  | 
| Black Citadel | 1 |  | 
| Sacrificial Pit | 1 |  | 
| Boneyard | 2 |  | 
| Spirit Tower | 3 |  | 
| Nerubian Tower | 1 |  | 
                23 total
 » build order
                00:06 Graveyard
00:08 Crypt
00:27 Altar of Darkness
00:49 Ziggurat
01:18 Tomb of Relics
01:53 Ziggurat
03:56 Ziggurat
04:47 Halls of the Dead
05:58 Ziggurat
07:10 Black Citadel
07:19 Sacrificial Pit
08:01 Ziggurat
09:49 Boneyard
09:55 Boneyard
10:35 Ziggurat
11:15 Ziggurat
12:31 Ziggurat
14:16 Spirit Tower
14:27 Spirit Tower
16:13 Nerubian Tower
20:50 Ziggurat
22:54 Ziggurat
24:39 Spirit Tower
» items
                
                | Rod of Necromancy | 2 |  | 
| Dust of Appearance | 1 |  | 
| Orb of Corruption | 1 |  | 
                4 total
  
                Chat log
          (00:45 / All) PrettyPinkPony: NO WONDER EVERY 1 KNOWS ORANGE
(00:51 / All) PrettyPinkPony: HE FUCKING EVEN SMURFS ON HIS NAME
(00:52 / All) GOKUMaN69: what?
(01:05 / All) PrettyPinkPony: WAT U DONT KNOW ORANGE?
(01:06 / All) Iceberg-Slim: manner up please
(01:10 / All) PrettyPinkPony: ;lol
(01:11 / All) NotneK.onaSmurf: gg hf
(01:13 / All) PrettyPinkPony: LOL
(01:15 / All) Iceberg-Slim: ty
(01:50 / All) TeK-9_Snitches: i fly like paper i fly like planes
(02:00 / All) PrettyPinkPony: i likE PONYS
(02:04 / All) PrettyPinkPony: PINK ONES
(02:15 / All) PrettyPinkPony: if u see one let me know
(02:20 / All) PrettyPinkPony: holla at yo boy
(02:29 / All) TeK-9_Snitches: i fly like paper i get high like planes
(02:38 / All) PrettyPinkPony: LOOOOOOOOOOOOL
(02:44 / All) PrettyPinkPony: IONC
(02:44 / All) PrettyPinkPony: INC
(02:47 / All) PrettyPinkPony: INC TROPPERS
(02:49 / All) PrettyPinkPony: WE FOUND THEM
(02:59 / All) PrettyPinkPony: invasion on mars
(03:00 / All) PrettyPinkPony: INC
(03:01 / All) PrettyPinkPony: INC
(03:19 / All) PrettyPinkPony: ;lp;
(03:22 / All) PrettyPinkPony: LOL HEAD SHOT
(03:33 / All) Iceberg-Slim: nice reaction time
(03:43 / All) Iceberg-Slim: nice surround
(04:13 / All) PrettyPinkPony: run bitch
(04:21 / All) PrettyPinkPony: looooooooool
(05:03 / All) GOKUMaN69: u guys good?
(05:08 / All) TeK-9_Snitches: u suck dick?
(05:09 / All) NotneK.onaSmurf: o
(05:18 / All) Iceberg-Slim: manner up please.
(06:51 / All) Iceberg-Slim: Defendmen
(06:53 / All) Iceberg-Slim: good idea!
(06:59 / All) Rezifut: nice try
(11:02 / All) Iceberg-Slim: g1
(15:54 / All) GOKUMaN69: u guys like wcr?
(16:00 / All) NotneK.onaSmurf: yeah it's alright
(16:11 / All) GOKUMaN69: coo
(16:12 / All) GOKUMaN69: me 2
(20:50 / All) GOKUMaN69: leave us alone
(20:56 / All) TeK-9_Snitches: lol?
(21:01 / All) GOKUMaN69: no rush
(22:51 / All) PrettyPinkPony: FPUND THE REFUGEE BASE
(23:41 / All) Rezifut: leave my base :(
(25:18 / All) PrettyPinkPony: RUN UR ON FIRE
(25:20 / All) PrettyPinkPony: run
(25:21 / All) PrettyPinkPony: RIUN
(25:23 / All) PrettyPinkPony: RUN UR ON FIRE
(25:24 / All) PrettyPinkPony: RUN
(33:09 / All) Rezifut: y 2 treez
(36:05 / All) Iceberg-Slim: gg
(36:09 / All) Rezifut: highperched